 Dungeon Crawl Stone Soup version 0.23.0-3-gf3c87f2 (webtiles) character file.

Game seed: 6830789136532475526

653 Borgoz the Sneak (level 7, -8/64 HPs)
             Began as a Gargoyle Assassin on Feb 23, 2019.
             Blown up by a gnoll (20 damage)
             ... with a wand of disintegration (9)
             ... on level 4 of the Dungeon.
             The game lasted 00:08:10 (4378 turns).

Borgoz the Sneak (Gargoyle Assassin)                Turns: 4378, Time: 00:08:11

Health: -8/64      AC: 23    Str: 15    XL:     7   Next: 54%
Magic:  7/7        EV:  2    Int: 11    God:
Gold:   197        SH:  0    Dex: 16    Spells: 6/6 levels left

rFire    . . .     SeeInvis .   a - +5 dagger
rCold    . . .     Gourm    .   (no shield)
rNeg     + + +     Faith    .   (armour currently unavailable)
rPois    ∞         Spirit   .   (helmet currently unavailable)
rElec    .         Reflect  .   (cloak currently unavailable)
rCorr    .         Harm     .   (gloves currently unavailable)
MR       +....     NoTele   +   (boots currently unavailable)
Stlth    +++.......             x - amulet of the acrobat
HPRegen  0.20/turn              p - +3 ring of dexterity
MPRegen  0.10/turn              m - ring of protection from magic

@: tree-form, hasted, very quick
A: negative energy resistance 1, petrification resistance, rot immunity, AC +4
a: no special abilities


You were on level 4 of the Dungeon.
You were not hungry.
You were a tree.
You visited 1 branch of the dungeon, and saw 4 of its levels.
You also visited: Sewer.

You collected 197 gold pieces.

Inventory:

Hand Weapons
 a - a +5 dagger (weapon)
 b - a +0 blowgun
 u - a +1 dagger of venom
Missiles
 e - 35 poisoned needles
 f - 2 curare-tipped needles
Armour
 d - a +0 cloak (melded)
 q - a +3 scale mail of magic resistance
 s - a +1 leather armour of cold resistance (melded)
Jewellery
 i - an uncursed ring of protection from cold
 m - a ring of protection from magic (right branch)
 p - a +3 ring of dexterity (left branch)
 x - an amulet of the acrobat (around neck)
Wands
 t - a wand of iceblast (9)
 y - a wand of polymorph (3)
Scrolls
 c - a scroll of blinking
 l - 2 scrolls of random uselessness {unknown}
 o - a scroll of remove curse
 v - a scroll of magic mapping {unknown}
 w - a scroll of fear
Potions
 j - a potion of flight
 k - 4 potions of curing
 n - a potion of brilliance
 r - a potion of heal wounds {unknown}
Comestibles
 g - 8 rations
 z - 2 chunks of flesh


   Skills:
 + Level 4.0 Fighting
 + Level 3.2 Short Blades
 + Level 3.4 Throwing
 + Level 3.2 Armour
 + Level 2.6 Dodging
 + Level 5.8 Stealth


You had 6 spell levels left.
You didn't know any spells.
Your spell library contained the following spells:

 Spells                   Type           Power        Failure   Level  Hunger
 Spider Form              Tmut/Pois      #.........   71%         3    ####...
 Alistair's Intoxication  Tmut/Pois      #.......     100%        5    ######.
 Yara's Violent Unravell  Hex/Tmut       #.........   100%        5    ######.
 Dragon Form              Tmut           #.........   100%        7    #######


Dungeon Overview and Level Annotations

Branches:
Dungeon (4/15)
 Temple: D:4-7

Altars:
Ashenzari
Okawaru

Shops:
D:4 *

Annotations:
D:4 1 transporter


Innate Abilities, Weirdness & Mutations

You are resistant to torment.
((Your stone body is resilient. (AC +4)))
You are immune to poison.
You resist negative energy. (rN+)
((You are resistant to electric shocks. (rElec)))
((You can survive without breathing.))
You are immune to petrification.
You are immune to rotting.


Message History

The gnoll shaman is heavily wounded.
The gnoll hits you but does no damage. x2
The gnoll shaman hits you but does no damage.
The gnoll hits you but does no damage.
You hit the gnoll shaman.
The gnoll shaman is almost dead.
The gnoll hits you but does no damage. x2; You are electrocuted!
* * * LOW HITPOINT WARNING * * *
The gnoll completely misses you.
The gnoll shaman hits you but does no damage.
You completely miss the gnoll shaman.
The gnoll shaman is almost dead.
The gnoll zaps a wand.
You resist with some effort. The gnoll hits you but does no damage.
The gnoll completely misses you.
The gnoll hits you from afar with the +7 halberd of Truncation {vamp, rElec Int+3 SInv}.
* * * LOW HITPOINT WARNING * * *
It was a potion of haste.
You feel yourself speed up.
The gnoll shaman mumbles some strange prayers to its god.
The gnoll shaman is healed somewhat.
The gnoll zaps a wand.
You are blasted!
You die...

#.# #.≈≈##.###g###.##≈≈.#
#.# #.≈≈#?...ggg....#≈≈.#
#.# #.≈≈###.##'##.###≈≈.#
#.# #.≈≈..#.#. #.#..≈≈.# #.#
#.≈≈.##.# #.##.≈≈.# #.#
#.≈≈.#..# #..#.≈≈.# ##.#
##.≈≈.##:#####.##.≈≈.# ...#
#......#.#8⌠8#.#..≈≈.##
######.....©#.'g♣g'.#©.≈≈..#
............#.#g.g#g#..≈≈..#
.####...≈≈.##.##g##.##.≈≈..#
.####...≈≈.#..#.g.#.g#.≈≈..#
.....>.[≈≈.##g'...'.##.≈≈..#
##......≈≈..#.#...#.#..≈≈..#
#.......≈≈###.##'##.###≈≈..#
#####...≈≈#..g........#≈≈..#
.#∩##...≈≈##g###g###.##≈≈..#


You could see a gnoll shaman and 6 gnolls.

Vanquished Creatures
  2 phantoms (D:4)
  A big kobold (Sewer)
  2 centaur skeletons (D:4)
  Ijyb (D:3)
  3 worker ants (D:4)
  Terence (D:2)
  Robin (D:2)
  5 gnolls
  3 adders
  A river rat (Sewer)
  An adder skeleton (D:4)
  4 worms
  3 leopard geckos (D:1)
  2 orcs
  2 ball pythons (D:2)
  4 bats
  3 giant cockroaches
  24 goblins
  13 hobgoblins
  15 jackals
  A quokka (D:3)
  4 frilled lizards
  2 jackal skeletons (D:4)
  7 kobolds
  A quokka skeleton (D:3)
  10 rats
116 creatures vanquished.

Vanquished Creatures (others)
  6 plants (D:4)
6 creatures vanquished.

Grand Total: 122 creatures vanquished

Notes
Turn   | Place    | Note
-------+----------+-------------------------------------------
     0 | D:1      | Borgoz the Gargoyle Assassin began the quest for the Orb.
     0 | D:1      | Reached XP level 1. HP: 12/12 MP: 1/1
   370 | D:1      | Reached skill level 1 in Dodging
   372 | D:1      | Reached XP level 2. HP: 11/17 MP: 2/2
   905 | D:1      | Found a shattered altar of Ashenzari.
  1153 | D:2      | Reached XP level 3. HP: 22/22 MP: 3/3
  1160 | D:2      | Reached skill level 1 in Armour
  1195 | D:2      | Noticed Terence
  1202 | D:2      | Killed Terence
  1202 | D:2      | Reached XP level 4. HP: 26/27 MP: 4/4
  1866 | D:2      | Found an iron altar of Okawaru.
  1993 | D:2      | Noticed Robin
  2029 | D:2      | Killed Robin
  2029 | D:2      | Reached skill level 5 in Stealth
  2029 | D:2      | Reached XP level 5. HP: 24/32 MP: 5/5
  2530 | D:3      | Found a glowing drain.
  2555 | Sewer    | Entered a sewer
  2630 | Sewer    | Noticed a big kobold
  2670 | Sewer    | Killed a big kobold
  2670 | Sewer    | Reached XP level 6. HP: 23/37 MP: 6/6
  2794 | Sewer    | Found a white marble altar of Elyvilon.
  3087 | D:3      | Noticed Ijyb
  3102 | D:3      | Killed Ijyb
  3224 | D:4      | Identified the Volume of Poisoning and Shape Shifting
  3253 | D:4      | Noticed a phantom
  3315 | D:4      | Killed a phantom
  3658 | D:4      | Reached XP level 7. HP: 40/42 MP: 7/7
  3706 | D:4      | Found Nehoor's General Store.
  3732 | D:4      | Identified the +7 halberd of Truncation {vamp, rElec Int+3
                  | SInv}
  3733 | D:4      | Found a transporter.
  3791 | D:4      | Found a transporter.
  4378 | D:4      | Blown up by a gnoll

Skill      XL: |  1  2  3  4  5  6  7 |
---------------+----------------------+-----
Dodging        | 1 2 |  2.6
Throwing       | 2 3 |  3.4
Short Blades   | 2 3 |  3.2
Armour         | 1 2 3 |  3.2
Fighting       | 3 4 |  4.0
Stealth        | 5 |  5.8

Action                   |  1- 3 |  4- 6 |  7- 9 || total
-------------------------+-------+-------+-------++-------
Melee: Dagger            |    76 |   358 |    71 ||   505
  Use: Potion            |       |     5 |     2 ||     7
       Scroll            |       |     8 |       ||     8
 Stab: Sleeping          |     5 |     6 |     3 ||    14
  Eat: Chunk             |     1 |     8 |     3 ||    12
Armor: Robe              |    19 |    52 |       ||    71
       Leather armour    |       |    44 |    22 ||    66
       Skin              |       |       |    17 ||    17
Dodge: Dodged            |    34 |   171 |    30 ||   235
